 Dungeon Crawl Stone Soup version 0.21.0-25-ge575cb9 (webtiles) character file.

9819 Inarius the Frost Mage (level 11, -35/100 HPs)
             Began as a Yellow Draconian Ice Elementalist on Jan 26, 2018.
             Was a Believer of Nemelex Xobeh.
             Annihilated by an orc warrior
             ... wielding a +0 glaive
              (41 damage)
             ... in a bailey.
             The game lasted 00:34:46 (13358 turns).

Inarius the Frost Mage (DrIE)                      Turns: 13358, Time: 00:34:46

Health: -35/100    AC: 13    Str: 11    XL:     11   Next: 28%
Magic:  5/30       EV: 13    Int: 18    God:    Nemelex Xobeh [**....]
Gold:   831        SH:  0    Dex:  7    Spells: 12/24 levels left

rFire    + + .     SeeInvis .   K - +8 rapier of Terra Nullius {pierce, +Inv rElec rF++ MR- Dex-5}
rCold    + . .     Gourm    .   (no shield)
rNeg     . . .     Faith    .   (armour unavailable)
rPois    .         Spirit   .   (helmet restricted)
rElec    +         Reflect  .   B - +2 cloak
rCorr    +         Harm     .   e - +2 pair of gloves
MR       .....     Clarity  +   (no boots)
Stlth    +.........             (no amulet)
HPRegen  0.26/turn              g - ring of magical power
MPRegen  0.22/turn              f - ring of protection from cold

@: no status effects
A: spit acid, acid resistance, unfitting armour, stinger 1, clarity, robust 1,
cold-blooded, AC +7
a: Breathe Acid, Renounce Religion, Evoke Invisibility


You were in a bailey.
You worshipped Nemelex Xobeh.
Nemelex Xobeh was pleased with you.
You were not hungry.

You visited 2 branches of the dungeon, and saw 13 of its levels.
You also visited: Bailey.

You collected 831 gold pieces.

Inventory:

Hand Weapons
 m - a +4 quarterstaff of chaos
 I - a +1 long sword of holy wrath
 K - the +8 rapier of Terra Nullius (weapon) {pierce, +Inv rElec rF++ MR- Dex-5}
   (You found it on level 10 of the Dungeon)

   It inflicts extra damage upon your enemies.
   It affects your dexterity (-5).
   It greatly protects you from fire.
   It insulates you from electricity.
   It affects your resistance to hostile enchantments.
   It lets you turn invisible.
Armour
 d - a +1 shield
 e - a +2 pair of gloves (worn)
 B - a +2 cloak (worn)
Jewellery
 f - a ring of protection from cold (right hand)
 g - a ring of magical power (left hand)
Wands
 a - a wand of scattershot (6)
 E - a wand of enslavement (17)
 H - a wand of digging (20)
 M - a wand of flame (38)
 N - a wand of disintegration (14)
Scrolls
 c - 3 scrolls of fog
 h - 2 scrolls of magic mapping
 i - 3 scrolls of teleportation
 k - a scroll of blinking
 l - 2 scrolls of remove curse
 q - 3 scrolls of amnesia
 v - 5 scrolls of enchant weapon
 y - 2 scrolls of enchant armour
Potions
 n - a potion of lignification
 p - 3 potions of brilliance
 s - a potion of magic
 t - a potion of cancellation
 w - a potion of mutation
 z - a potion of heal wounds
 C - 2 potions of haste
 D - 3 potions of flight
 F - a potion of ambrosia
Miscellaneous
 j - a plain deck of destruction
 o - a plain deck of summoning
 G - a plain deck of summoning {drawn: 2}
Comestibles
 b - 17 rations


   Skills:
 + Level 6.8 Fighting
   Level 1.4 Maces & Flails
 + Level 5.1 Dodging
 - Level 1.7 Stealth
 - Level 7.2 Spellcasting
 + Level 4.9 Conjurations
 + Level 2.2 Charms
 + Level 0.8 Summonings
 * Level 11.5 Ice Magic
 * Level 5.6 Invocations


You had 12 spell levels left.
You knew the following spells:

 Your Spells              Type           Power        Failure   Level  Hunger
a - Freeze                Ice            ####         1%          1    None
b - Ozocubu's Armour      Chrm/Ice       ####....     1%          3    #......
c - Throw Icicle          Conj/Ice       #####...     3%          4    ###....
d - Summon Ice Beast      Ice/Summ       ####....     9%          4    ###....


Dungeon Overview and Level Annotations

Branches:
Dungeon (12/15)            Temple (1/1) D:6            Lair (0/6) D:9
    Orc: D:9-12

Altars:
Ashenzari
Cheibriados
Gozag
Makhleb
Nemelex Xobeh
Okawaru
Qazlal
Trog
Vehumet
Xom
Yredelemnul
Zin
The Shining One

Shops:
D:7 =?

Portals:
Trove: D:11 (give 19 scrolls of identify)


Innate Abilities, Weirdness & Mutations

You can spit globs of acid.
You are resistant to acid.
Your golden yellow scales are hard. (AC +7)
You cannot fit into any form of body armour.
You are cold-blooded and may be slowed by cold attacks.
Your tail ends in a poisonous barb.
You possess an exceptional clarity of mind.
You are robust. (+10% HP)


Message History

Casting: Throw Icicle
Confirm with . or Enter, or press ? or * to list all spells.
Aiming: Throw Icicle
Press: ? - help, Shift-Dir - straight line The shard of ice hits the orc warrior.
The orc warrior is moderately wounded.
The orc knight hits you from afar with a glaive!!
The orc knight hits you from afar with a bardiche!
The orc warrior closely misses you.
Casting: Throw Icicle
Confirm with . or Enter, or press ? or * to list all spells.
Aiming: Throw Icicle
Press: ? - help, Shift-Dir - straight line The shard of ice hits the orc warrior.
The orc warrior is heavily wounded.
The orc knight hits you from afar with a glaive!!!
* * * LOW HITPOINT WARNING * * *
The orc warrior hits you from afar with a glaive!!!
You die...
Your body glows slightly and disappears.

...)..).##.....##).).......≈.#
############'###'#########.≈.#
# ...§§§..## ##.≈.# ##
§≈≈§§§≈..## ##.)≈.# .##
≈.§.§(§§..## ##..≈≈.# ..#
..o∩⌠.§§§§.# #..≈≈.∩# ..#
...⌠.oo≈≈o.#+#..≈≈.## .##
≈.....≈≈§.##.##..≈≈.# ##
§§≈≈≈≈≈@§'#...##..≈.# #.$$
.....§§.##.....##.≈.# ####
###'#############.≈.# #####
... ##...)......≈.#
≈≈≈≈####### ##..≈≈≈≈≈≈≈≈≈≈.#
.....##...## ##..≈≈..........#
###.##..≈..###..≈≈..##########
...##...≈≈.....≈≈..##
#######..≈≈≈≈≈≈≈..##


You could see 3 orc knights and an orc warrior.

Vanquished Creatures
  Erolcha (D:10)
  The ghost of qeurul the Basher, a novice TrMo (D:9)
  2 two-headed ogres (D:10)
  The ghost of Mirai the Geomancer, a novice GrEE of Vehumet (D:8)
  Pikel (D:5)
  The ghost of tidbits the Covert, a novice GnAs (D:5)
  A centaur skeleton (D:10)
  A merfolk (D:10)
  Grinder (D:3)
  A troll (D:9)
  Prince Ribbit (D:5)
  2 hungry ghosts
  Edmund (D:5)
  Menkaure (D:5)
  A water moccasin (D:8)
  2 porcupines (D:9)
  3 sky beasts
  2 slaves (D:6)
  6 orc warriors
  5 ice beasts
  2 phantoms
  An ogre (D:6)
  6 centaurs
  A crocodile (D:9)
  A big kobold (D:7)
  2 bullfrogs
  4 scorpions
  5 killer bees
  4 wights (D:11)
  3 howler monkeys
  6 crimson imps
  A bullfrog skeleton (D:6)
  2 hounds
  A jelly (D:5)
  6 orc wizards
  5 orc priests
  Crazy Yiuf (D:4)
  4 iguanas
  5 worker ants
  A hound zombie (D:10)
  A hound skeleton (D:5)
  A worker ant zombie (D:9)
  10 adders
  A shadow imp (D:10)
  An ooze (D:2)
  5 worms
  3 leopard geckos
  30 orcs
  2 ball pythons
  4 giant cockroaches
  6 goblins
  7 hobgoblins
  3 jackals (D:10)
  4 kobolds
  8 quokkas
  9 bats
  3 frilled lizards (D:2)
  A leopard gecko zombie (D:5)
  A quokka skeleton (D:6)
  3 rats
  A fungus (D:4)
200 creatures vanquished.

Vanquished Creatures (collateral kills)
  A killer bee (D:7)
1 creature vanquished.

Vanquished Creatures (others)
  A slave (D:7)
  An ogre (D:5)
  A worker ant (D:7)
  2 kobolds (D:7)
  A fungus (D:9)
6 creatures vanquished.

Grand Total: 207 creatures vanquished

Notes
Turn   | Place    | Note
-------+----------+-------------------------------------------
     0 | D:1      | Inarius the Draconian Ice Elementalist began the quest for the Orb.
     0 | D:1      | Reached XP level 1. HP: 14/14 MP: 3/3
   728 | D:1      | Reached XP level 2. HP: 20/20 MP: 5/5
  1023 | D:2      | Reached skill level 4 in Ice Magic
  1023 | D:2      | Reached XP level 3. HP: 17/26 MP: 6/6
  1560 | D:2      | Found a glowing golden altar of the Shining One.
  1655 | D:2      | Learned a level 3 spell: Ozocubu's Armour
  1663 | D:3      | Noticed Grinder
  1760 | D:3      | Reached XP level 4. HP: 25/33 MP: 7/7
  1802 | D:3      | Learned a level 4 spell: Throw Icicle
  2118 | D:3      | Paralysed by Grinder for 5 turns
  2126 | D:3      | Paralysed by Grinder for 3 turns
  2132 | D:3      | Killed Grinder
  2132 | D:3      | Reached skill level 5 in Ice Magic
  2132 | D:3      | Reached XP level 5. HP: 24/39 MP: 10/10
  2132 | D:3      | Reached XP level 6. HP: 29/46 MP: 11/11
  2424 | D:3      | Learned a level 4 spell: Summon Ice Beast
  2660 | D:3      | Found a basalt altar of Yredelemnul.
  3339 | D:4      | Gained mutation: You are robust. (+10% HP) [potion of mutation]
  3339 | D:4      | Gained mutation: Your tail ends in a poisonous barb. [potion of mutation]
  3339 | D:4      | Gained mutation: You possess an exceptional clarity of mind. [potion of mutation]
  3348 | D:4      | Found a runed door.
  3353 | D:4      | Noticed Crazy Yiuf
  3360 | D:4      | Killed Crazy Yiuf
  3400 | D:5      | Entered Level 5 of the Dungeon
  3419 | D:4      | Reached skill level 1 in Maces & Flails
  3674 | D:5      | Noticed tidbits's ghost (novice GnAs)
  3677 | D:5      | Noticed an ice beast
  3716 | D:4      | Killed an ice beast
  3716 | D:4      | Reached skill level 1 in Fighting
  3716 | D:4      | Your scales start taking on a golden yellow colour.
  3716 | D:4      | Reached XP level 7. HP: 17/57 MP: 12/12
  4021 | D:5      | Killed tidbits's ghost
  4021 | D:5      | Reached skill level 6 in Ice Magic
  4131 | D:5      | Noticed Menkaure
  4455 | D:5      | Noticed Prince Ribbit
  4489 | D:5      | Killed Prince Ribbit
  4489 | D:5      | Reached XP level 8. HP: 33/68 MP: 14/14
  4748 | D:5      | Killed Menkaure
  4748 | D:5      | Reached skill level 5 in Dodging
  5256 | D:6      | Noticed Edmund
  5266 | D:5      | Reached skill level 7 in Ice Magic
  5443 | D:5      | Killed Edmund
  5443 | D:5      | Reached skill level 1 in Charms
  5779 | D:6      | Reached skill level 5 in Spellcasting
  5868 | D:6      | Found a radiant altar of Vehumet.
  5869 | D:6      | Noticed Pikel
  6270 | D:5      | Killed Pikel
  6270 | D:5      | Reached skill level 8 in Ice Magic
  6270 | D:5      | Reached XP level 9. HP: 59/79 MP: 3/17
  6724 | D:6      | Found a stormy altar of Qazlal.
  6746 | D:6      | Found an opulent altar of Gozag.
  6747 | D:6      | Found a shattered altar of Ashenzari.
  6781 | D:6      | Found a staircase to the Ecumenical Temple.
  6807 | Temple   | Entered the Ecumenical Temple
  6871 | Temple   | Became a worshipper of Nemelex Xobeh the Trickster
  7009 | D:7      | Found Joerenam's Magic Scroll Shoppe.
  7224 | D:6      | Reached skill level 1 in Invocations
  7331 | D:7      | Found Jibeussigyo's Jewellery Shoppe.
  7352 | D:7      | Reached skill level 9 in Ice Magic
  7363 | D:7      | Reached skill level 5 in Fighting
  7841 | D:7      | Received a gift from Nemelex Xobeh
  8865 | D:8      | Reached XP level 10. HP: 87/89 MP: 19/19
  9298 | D:8      | Noticed Mirai's ghost (novice GrEE)
  9353 | D:8      | Killed Mirai's ghost
  9372 | D:8      | Found a burning altar of Makhleb.
  9558 | D:9      | Reached skill level 10 in Ice Magic
  9592 | D:9      | Noticed qeurul's ghost (novice TrMo)
  9772 | D:9      | Found an iron altar of Okawaru.
  9969 | D:9      | Killed qeurul's ghost
 10006 | D:9      | Found a shimmering altar of Xom.
 10202 | D:9      | Received a gift from Nemelex Xobeh
 10210 | D:9      | Reached * piety under Nemelex Xobeh
 10286 | D:9      | Found a snail-covered altar of Cheibriados.
 10338 | D:9      | Found a staircase to the Lair.
 10504 | D:10     | Entered Level 10 of the Dungeon
 10677 | D:10     | Got a jewelled rapier
 10678 | D:10     | Identified the +8 rapier of Terra Nullius {pierce, +Inv rElec rF++ MR- Dex-5} (You found it on level 10 of the Dungeon)
 10795 | D:10     | Noticed a two-headed ogre
 10804 | D:10     | Killed a two-headed ogre
 10804 | D:10     | Reached skill level 11 in Ice Magic
 10804 | D:10     | Reached skill level 5 in Invocations
 10893 | D:10     | Noticed a two-headed ogre
 10900 | D:10     | Killed a two-headed ogre
 10900 | D:10     | Reached XP level 11. HP: 59/100 MP: 3/21
 11176 | D:10     | Noticed Erolcha
 11184 | D:10     | Killed Erolcha
 11779 | D:11     | Reached ** piety under Nemelex Xobeh
 12077 | D:11     | Found a portal to a secret trove of treasure.
 12455 | D:11     | Received a gift from Nemelex Xobeh
 12660 | D:12     | Found a flagged portal.
 12701 | Bailey   | Entered a bailey
 12967 | Bailey   | Noticed an orc knight
 12981 | Bailey   | Noticed an orc knight
 12983 | Bailey   | Noticed an orc knight
 13358 | Bailey   | Annihilated by an orc warrior

Skill      XL: |  1  2  3  4  5  6  7  8  9 10 |
---------------+-------------------------------+-----
Dodging        | 2 3 4 5 |  5.1
Ice Magic      | 4 5 6 8 9 11 | 11.5
Spellcasting   | 3 4 5 6 7 |  7.2
Maces & Flails | 1 |  1.4
Fighting       | 1 2 4 5 6 |  6.8
Charms         | 1 2 |  2.2
Conjurations   | 2 3 4 |  4.9
Invocations    | 2 5 |  5.6
Stealth        | |  1.7
Summonings     | |  0.8

Action                   |  1- 3 |  4- 6 |  7- 9 | 10-12 || total
-------------------------+-------+-------+-------+-------++-------
Melee: Dagger            |    35 |       |       |       ||    35
       Tailslap          |     5 |     7 |    20 |    26 ||    58
       Flail             |       |    49 |       |       ||    49
       Quarterstaff      |       |    42 |   262 |   111 ||   415
       Rapier            |       |       |       |    70 ||    70
Throw: Javelin           |       |    12 |    19 |     9 ||    40
 Cast: Freeze            |    56 |    19 |    39 |     5 ||   119
       Throw Icicle      |       |     1 |    26 |    88 ||   115
       Ozocubu's Armour  |       |     1 |    13 |     6 ||    20
       Summon Ice Beast  |       |       |       |     4 ||     4
 Abil: Breathe Acid      |       |       |       |     2 ||     2
Evoke: Deck              |       |       |     1 |     1 ||     2
  Use: Potion            |       |     5 |     4 |     1 ||    10
       Scroll            |       |     3 |     3 |    18 ||    24
 Stab: Sleeping          |     2 |       |     1 |     1 ||     4
       Petrifying        |       |       |     1 |       ||     1
       Confused          |       |       |     1 |       ||     1
       Paralysed         |       |       |       |     3 ||     3
  Eat: Chunk             |     3 |     7 |    16 |    22 ||    48
       Ration            |       |       |     3 |     2 ||     5
Armor: Skin              |    26 |    61 |   210 |   105 ||   402
Dodge: Dodged            |    56 |    76 |   326 |   125 ||   583
